 Dungeon Crawl Stone Soup version 0.14-a0-1707-g75daffb (webtiles) character file.

457 Nicoed the Shield-Bearer (level 6, -2/55 HPs)
             Began as a Deep Dwarf Fighter on Dec 31, 2013.
             Killed by divine providence
             ... invoked by an orc priest
              (10 damage)
             ... on Level 3 of the Dungeon.
             The game lasted 00:05:17 (1480 turns).

Nicoed the Shield-Bearer (Deep Dwarf Fighter)       Turns: 1480, Time: 00:05:17

HP  -2/55        AC  8     Str 21      XL: 6   Next: 25%
MP   6/6         EV  7     Int  9      God:
Gold 128         SH 22     Dex 12      Spells:  0 memorised,  5 levels left

rFire  . . .     SeeInvis .     a - +0 dwarf hand axe
rCold  . . .     Clarity  .     b - +0 dwarf scale mail
rNeg   . . .     Conserve .     c - +0 dwarf shield
rPois  .         rCorr    .     (no helmet)
rElec  .         rRot     .     (no cloak)
SustAb . .       Spirit   .     (no gloves)
rMut   .         Warding  .     (no boots)
Saprov . . .     Stasis   .     (no amulet)
                                (no ring)
                                (no ring)

@: non-regenerating, somewhat resistant to hostile enchantments, extremely
unstealthy
A: damage resistance, recharge devices, sense surroundings 1, slow healing 3
a: Device Recharging


You were on level 3 of the Dungeon.
You were not hungry.

You visited 1 branch of the dungeon, and saw 3 of its levels.

You collected 128 gold pieces.

Inventory:

Hand weapons
 a - a +0,+0 dwarven hand axe (weapon)
Armour
 b - a +0 dwarven scale mail (worn)
 c - a +0 dwarven shield (worn)
Magical devices
 d - a wand of heal wounds (3)
Comestibles
 f - 2 bread rations
 g - a meat ration
 p - a choko
Scrolls
 e - a scroll of recharging {unknown}
 h - 2 scrolls of remove curse {unknown}
 i - 2 scrolls of fear {unknown}
 k - a scroll of magic mapping {unknown}
 l - a scroll of identify {unknown}
 m - a scroll of enchant armour {unknown}
 n - a scroll of curse weapon {unknown}
 o - a scroll of noise {unknown}
 r - a scroll of blinking {unknown}
 s - a scroll of immolation {unknown}
Potions
 j - 4 potions of heal wounds {unknown}
 q - a potion of brilliance {unknown}


   Skills:
 - Level 2.6 Fighting
 * Level 3.9 Axes
 * Level 4.3 Armour
 * Level 4.0 Dodging
 - Level 0.3 Stealth
 + Level 4.7 Shields


You had 5 spell levels left.
You didn't know any spells.

Dungeon Overview and Level Annotations

Branches:
Dungeon (3/16)

Altars:


Innate Abilities, Weirdness & Mutations

You are resistant to damage.
You can recharge devices by infusing magical energy.
You passively map a small area around you.
You do not heal naturally.


Message History

You barely miss the orc.
The orc hits you with an orcish hand axe.
You hit the orc but do no damage.
The orc hits you with an orcish hand axe.
You block the orc's attack.
You hit the orc.
The orc is moderately wounded.
The orc priest mumbles some strange prayers to Beogh against you.
Something smites you!
* * * LOW HITPOINT WARNING * * *
The orc hits you but does no damage.
Unknown command.
You closely miss the orc.
The orc is moderately wounded.
You block the orc's attack.
Your shield and scale mail prevent you from hitting the orc.
The orc is moderately wounded.
The orc priest invokes the aid of Beogh against you.
Something smites you!
You die...

,, * * . #.....##)# .#
########%## ####.### #...#
###...)..# #...# ###......#.#
#...# ##### , ,..<........#
#...# #....
.$......##.#######...####.##.
........[##o##.........)...##.
.......?...ro@................
....##......##.............#..
#.####.#######...####.... , #!
,,..# #...# ###.. * # , ...#
#...... * #.. ##### #....##
*.. * ,* ....# * .. * # . ,
*.. * , , #.


You could see an orc priest, an orc and a rat.

Vanquished Creatures
  Grinder (D:3)
  An iguana (D:3)
  3 adders (D:2)
  4 orcs (D:3)
  4 giant cockroaches
  6 goblins
  10 hobgoblins
  2 quokkas
  2 bats (D:2)
  A giant gecko (D:1)
  A giant newt (D:3)
  5 kobolds
  6 rats
46 creatures vanquished.

Notes
Turn   | Place    | Note
--------------------------------------------------------------
     0 | D:1      | Nicoed, the Deep Dwarf Fighter, began the quest for the Orb.
     0 | D:1      | Reached XP level 1. HP: 20/20 MP: 1/1
   117 | D:1      | Reached XP level 2. HP: 24/27 MP: 2/2
   721 | D:2      | Reached skill level 1 in Dodging
   721 | D:2      | Reached XP level 3. HP: 26/33 MP: 3/3
  1181 | D:3      | Noticed Grinder
  1195 | D:3      | Reached skill level 4 in Shields
  1203 | D:3      | Paralysed by Grinder for 7 turns
  1229 | D:3      | Killed Grinder
  1229 | D:3      | Reached XP level 4. HP: 18/40 MP: 4/4
  1229 | D:3      | Reached XP level 5. HP: 20/46 MP: 5/5
  1229 | D:3      | Reached XP level 6. HP: 23/55 MP: 6/6
  1480 | D:3      | Killed from afar by an orc priest

Action                   |  1- 3 |  4- 6 || total
-------------------------+-------+-------++-------
Melee: Hand axe          |   133 |    41 ||   174
Evoke: Wand              |     1 |     1 ||     2
